 Dungeon Crawl Stone Soup version 0.28-a0-589-g333b8329f1 (webtiles) character file.

Game seed: 10173265923252565539

3150 Heedrag the Cleaver (level 9, -3/79 HPs)
             Began as a Minotaur Fighter on Oct 3, 2021.
             Slain by Joseph (8 damage)
             ... while paralysed by Harold
             ... on level 8 of the Dungeon.
             The game lasted 00:11:06 (7315 turns).

Heedrag the Cleaver (Minotaur Fighter)              Turns: 7315, Time: 00:11:07

Health: -3/79      AC: 14    Str: 24    XL:     9   Next: 62%
Magic:  0/8        EV:  2    Int:  5    God:
Gold:   494        SH:  0    Dex: 10    Spells: 8/8 levels left

rFire   . . .      SeeInvis .   a - +0 war axe
rCold   . . .      Faith    .   c - +0 buckler
rNeg    . . .      Spirit   +   s - +0 plate armour
rPois   .          Reflect  .   (helmet restricted)
rElec   .          Harm     .   (no cloak)
rCorr   .          Rampage  .   (no gloves)
Will    +....                   x - +0 pair of boots
Stlth   ..........              j - amulet of guardian spirit
HPRegen 0.23/turn               e - ring of willpower
MPRegen 0.11/turn               o - +4 ring of evasion

@: paralysed, mighty, marked, on berserk cooldown, slowed
A: horns 2, retaliatory headbutt
a: no special abilities


You were on level 8 of the Dungeon.
You visited 2 branches of the dungeon, and saw 9 of its levels.
You also visited: Sewer.

You collected 494 gold pieces.

Inventory:

Hand Weapons
 a - a +0 war axe (weapon)
 I - a +1 trident of flaming
   (You took it off a gnoll sergeant on level 6 of the Dungeon)
Missiles
 l - 46 poisoned darts
 q - 6 silver boomerangs (quivered)
 B - 12 boomerangs
 L - a boomerang of dispersal {!f}
 M - 3 javelins
Armour
 b - a +0 scale mail
 c - a +0 buckler (worn)
 f - a +3 ring mail
   (You found it on level 1 of the Dungeon)
 s - a +0 plate armour (worn)
   (You found it on level 1 of the Dungeon)
 x - a +0 pair of boots (worn)
   (You found it in a sewer)
Jewellery
 e - a ring of willpower (left hand)
   (You found it on level 1 of the Dungeon)
 i - a ring of protection from fire
   (You found it on level 3 of the Dungeon)
 j - an amulet of guardian spirit (around neck)
   (You found it on level 1 of the Dungeon)
 o - a +4 ring of evasion (right hand)
   (You found it on level 2 of the Dungeon)
 K - a ring of fire
   (You found it on level 6 of the Dungeon)
 N - a +6 ring of dexterity
   (You found it on level 8 of the Dungeon)
Wands
 d - a wand of iceblast (8)
   (You found it on level 5 of the Dungeon)
 v - a wand of digging (6)
   (You took it off Ijyb on level 3 of the Dungeon)
 w - a wand of charming (7)
   (You found it on level 3 of the Dungeon)
Scrolls
 g - 3 scrolls of vulnerability {unknown}
 k - 5 scrolls of enchant armour {unknown}
 n - 6 scrolls of identify {unknown}
 p - a scroll of blinking {unknown}
 r - 3 scrolls of teleportation {unknown}
 y - a scroll of magic mapping {unknown}
 C - 3 scrolls of noise {unknown}
 D - a scroll of summoning {unknown}
 J - a scroll of fear {unknown}
Potions
 h - 2 potions of lignification {unknown}
 m - 2 potions of magic {unknown}
 t - a potion of brilliance {unknown}
 u - 3 potions of heal wounds {unknown}
 z - 2 potions of berserk rage
 A - a potion of flight {unknown}
 E - a potion of curing {unknown}
 F - 2 potions of haste {unknown}
 G - 2 potions of degeneration {unknown}
 O - 2 potions of mutation {unknown}


   Skills:
 + Level 7.4 Fighting
 * Level 9.3 Axes
 - Level 4.0 Throwing
 + Level 7.1 Armour
 + Level 5.5 Dodging
 + Level 7.2 Shields


You had 8 spell levels left.
You didn't know any spells.
Your spell library contained the following spells:

 Spells                   Type           Power      Damage    Failure   Level
 Freeze                   Ice            0%         1d3       100%        1
 Sandblast                Erth           0%         2d4       100%        1
 Ensorcelled Hibernation  Hex/Ice        0%         N/A       100%        2
 Passwall                 Tmut/Erth      0%         N/A       100%        2
 Slow                     Hex            0%         N/A       100%        2
 Confusing Touch          Hex            0%         N/A       100%        3
 Frozen Ramparts          Ice            0%         1d2       100%        3
 Gell's Gravitas          Tloc           0%         N/A       100%        3
 Stone Arrow              Conj/Erth      0%         3d7       100%        3
 Teleport Other           Tloc           0%         N/A       100%        3
 Tukima's Dance           Hex            0%         N/A       100%        3
 Hailstorm                Conj/Ice       0%         3d3       100%        4
 Yara's Violent Unravell  Hex/Tmut       0%         3d3       100%        5
 Dispersal                Tloc           0%         N/A       100%        6


Dungeon Overview and Level Annotations

Branches:
Dungeon (8/15)             Temple (1/1) D:7           Sewer (visited)
   Lair: D:8-11

Altars:
Ashenzari
Dithmenos
Elyvilon
Fedhas
Gozag
Hepliaklqana
Kikubaaqudgha
Makhleb
Nemelex Xobeh
Qazlal
Sif Muna
Trog
Uskayaw
Vehumet
Wu Jian
Xom
Yredelemnul
Zin

Shops:
D:2 (   D:4 (   D:6 *

Annotations:
D:8 Harold, Joseph


Innate Abilities, Weirdness & Mutations

You have a pair of horns on your head.
You reflexively headbutt those who attack you in melee.


Message History

O - 2 golden potions Joseph and Harold come into view.
Harold is wielding a +0 halberd and carrying a wand of paralysis (10).
Harold shouts!
Joseph shouts!
Harold throws a throwing net.
The throwing net barely misses you.
You feel very mighty all of a sudden. Harold fires a harpoon shot at you.
The harpoon shot misses you.
A red film seems to cover your vision as you go berserk!
You feel yourself moving faster!
You feel mighty! Harold barely misses you.
You feel a strong urge to attack something.
Joseph closely misses you. Harold gestures at you while chanting.
A sentinel's mark forms upon you.
You hit Joseph. Your headbutt misses Joseph. You barely miss Harold.
Joseph hits you with a +0 quarterstaff.
Harold says, "This is so exciting!
What a great way to end my career!"
Harold drinks a potion.
Harold seems to grow stronger.
You barely miss Joseph. Your headbutt misses Joseph. You hit Harold.
You slice Joseph!! You slash Harold! Joseph hits you with a +0 quarterstaff.
Harold gestures at you while chanting. The mark upon you grows brighter.
Your plate armour prevents you from hitting Joseph.
Your headbutt misses Joseph. You hit Harold. Joseph misses you.
Harold zaps a wand.
You resist with almost no effort.
You closely miss Joseph. Your headbutt misses Joseph. You barely miss Harold.
You closely miss Joseph. You hit Harold. Joseph hits you but does no damage.
You block Harold's attack.
You hit Joseph. You hit Harold. Joseph hits you but does no damage.
Harold zaps a wand.
You suddenly lose the ability to move!
Joseph hits you but does no damage. Harold hits you with a +0 halberd!!
Joseph hits you with a +0 quarterstaff!
Harold says, "This is so exciting!
What a great way to end my career!"
Harold zaps a wand.
You resist with almost no effort. Joseph hits you but does no damage.
Harold hits you with a +0 halberd.
You are no longer berserk.
You feel yourself slow down.
Joseph smiles happily.
Joseph hits you but does no damage. Harold hits you with a +0 halberd!!
* * * LOW HITPOINT WARNING * * *
Joseph shouts, "I love to fight!
I love killing!"
Joseph hits you with a +0 quarterstaff!
* * * LOW HITPOINT WARNING * * *
Harold hits you with a +0 halberd!
* * * LOW HITPOINT WARNING * * *
Joseph hits you with a +0 quarterstaff!
You die...

### #.## ##..## # #
#....# .##@.
#####..##...... .###
##.....@##...@.........#
#......@@..............#
#......(.#..............
##.....................#
#.###........... #..#
#####...........###..##
##.........).##......
###.............#...#..
#........#.#......##...


You could see Harold (strong) and Joseph.

Vanquished Creatures
  2 water moccasins
  A black bear (D:6)
  3 sky beasts
  3 ice beasts
  An ogre (D:5)
  5 centaurs
  A phantom (D:5)
  2 kobold brigands
  6 bullfrogs
  A gnoll sergeant (D:6)
  A wyvern zombie (D:7)
  3 scorpions
  A water moccasin skeleton (D:4)
  5 wights (D:8)
  6 centaur skeletons
  An orc priest (D:3)
  Ijyb (D:3)
  An iguana (D:2)
  5 orc wizards
  A howler monkey zombie (D:7)
  3 gnolls (D:6)
  2 howler monkey skeletons
  8 adders
  2 white imps
  An adder skeleton (D:4)
  3 worms
  2 dart slugs
  29 orcs
  8 ball pythons
  11 bats
  8 endoplasms
  3 giant cockroaches
  9 goblins
  8 hobgoblins
  4 jackals (D:1)
  2 quokkas
  3 frilled lizards
  16 kobolds
  7 rats
179 creatures vanquished.

Notes
Turn   | Place    | Note
-------+----------+-------------------------------------------
     0 | D:1      | Heedrag the Minotaur Fighter began the quest for the Orb.
     0 | D:1      | Reached XP level 1. HP: 19/19 MP: 0/0
    71 | D:1      | Reached XP level 2. HP: 27/27 MP: 1/1
   111 | D:1      | Reached skill level 3 in Axes
   352 | D:1      | Reached XP level 3. HP: 33/33 MP: 2/2
   920 | D:2      | Found Amecein's Antique Weapon Shop.
  1018 | D:2      | Reached skill level 1 in Dodging
  1364 | D:2      | Reached XP level 4. HP: 12/40 MP: 1/3
  1600 | D:2      | Found a faded altar of an unknown god.
  1936 | D:3      | Reached skill level 4 in Axes
  1967 | D:3      | Reached skill level 1 in Throwing
  2165 | D:3      | Noticed Ijyb
  2187 | D:3      | Killed Ijyb
  2188 | D:3      | Reached XP level 5. HP: 40/47 MP: 4/4
  3041 | D:4      | Reached XP level 6. HP: 51/53 MP: 5/5
  3073 | D:4      | Found a glowing drain.
  3084 | Sewer    | Entered a sewer
  3108 | Sewer    | Noticed a water moccasin
  3120 | Sewer    | Killed a water moccasin
  3121 | Sewer    | Reached skill level 5 in Axes
  3291 | D:4      | Reached skill level 5 in Fighting
  3299 | D:4      | Found Xotuiw's Weapon Shop.
  3744 | D:5      | Entered Level 5 of the Dungeon
  3770 | D:5      | Reached XP level 7. HP: 36/61 MP: 2/6
  4001 | D:5      | Reached skill level 5 in Shields
  4004 | D:5      | Reached skill level 5 in Armour
  4287 | D:5      | Reached skill level 6 in Axes
  4356 | D:5      | Found a broken altar of Ashenzari.
  4742 | D:6      | Reached XP level 8. HP: 69/69 MP: 7/7
  5039 | D:6      | Reached skill level 7 in Axes
  5527 | D:6      | Found Miups's General Store.
  5651 | D:7      | Reached skill level 8 in Axes
  5651 | D:7      | Reached XP level 9. HP: 78/78 MP: 8/8
  5901 | D:7      | Found a staircase to the Ecumenical Temple.
  5956 | D:7      | Reached skill level 5 in Dodging
  6056 | D:7      | Found an ornate altar of the Wu Jian Council.
  6230 | D:7      | Found a basalt altar of Yredelemnul.
  6232 | D:7      | Found a shimmering altar of Xom.
  6232 | D:7      | Found a sparkling altar of Nemelex Xobeh.
  6234 | D:7      | Found a basalt altar of Yredelemnul.
  6234 | D:7      | Found an iron altar of Okawaru.
  6234 | D:7      | Found a glowing golden altar of the Shining One.
  6757 | Temple   | Entered the Ecumenical Temple
  6916 | D:8      | Reached skill level 9 in Axes
  7292 | D:8      | Noticed Harold
  7292 | D:8      | Noticed Joseph
  7309 | D:8      | Paralysed by Harold for 7 turns
  7315 | D:8      | Slain by Joseph

Illustrated notes

Levels and vault maps discovered:
D:1:      tarquinn_simple_flora_water_e, layout_basic,
          chequers_serial_rivers_marsh, minmay_tetromino_s4
D:2:      layout_basic, basic_ecumenical_altar, serial_shops, shop
D:3:      layout_basic, minmay_quadrilaterals, uniq_ijyb
D:4:      layout_basic, cheibrodos_sewer_entry_drain, serial_shops, shop,
          serial_bayou_pond_b
D:5:      layout_gridville, nicolae_ashenzari_panopticon
D:6:      layout_rooms, serial_shops, nicolae_shop_behind_doors,
          kennysheep_decorative_pillar
D:7:      layout_gridville, general_overflow_altar, doesnt_xom_only_xom,
          minmay_temple_entry_butterflies, hangedman_abyss_or_decor_stagger,
          hangedman_minor_gate_pass
D:8:      layout_cave_pools, uniq_harold, uniq_joseph
Temple:   minmay_freezing_vapour_temple

Skill      XL: |  1  2  3  4  5  6  7  8  9 |
---------------+----------------------------+-----
Axes           | 3 4 5 6 8 9 |  9.3
Fighting       | 4 5 6 7 |  7.4
Armour         | 4 5 6 7 |  7.1
Dodging        | 1 2 3 4 5 |  5.5
Shields        | 4 5 6 7 |  7.2
Throwing       | 1 2 3 4 |  4.0

Action                   |  1- 3 |  4- 6 |  7- 9 || total
-------------------------+-------+-------+-------++-------
Melee: War axe           |    81 |   150 |   225 ||   456
       Headbutt          |    16 |    19 |    43 ||    78
Throw: Dart              |       |     1 |       ||     1
  Use: Potion            |       |       |     2 ||     2
Armor: Scale mail        |     7 |       |       ||     7
       Ring mail         |     4 |       |       ||     4
       Plate armour      |    43 |    90 |   139 ||   272
Dodge: Dodged            |    36 |    87 |   149 ||   272
Block: Buckler           |    14 |    39 |    69 ||   122

Table legend: (Time is in decaauts)
 A = Elapsed time spent in this place.
 B = Non-inter-level travel time spent in this place.
 C = Inter-level travel time spent in this place.
 D = Time resting spent in this place.
 E = Time spent auto-exploring this place.
 F = Levels seen in this place.
 G = Mean time per level.
                   A        B        C        D        E       F      G
               +--------+--------+--------+--------+--------+-----+--------+
         Total |   7416 |   6883 |    533 |     80 |   5497 |  10 |  741.6 |
       Dungeon |   7234 |   6706 |    528 |     80 |   5368 |   8 |  904.2 |
        Temple |     15 |     10 |      5 |      0 |     10 |   1 |   15.0 |
         Sewer |    166 |    166 |      0 |      0 |    119 |   1 |  166.0 |
               +--------+--------+--------+--------+--------+-----+--------+

Top non-repeatable levels by time:
     D:7: 1192 daAuts
     D:3: 1087 daAuts
     D:2: 1015 daAuts
     D:5: 1000 daAuts
     D:1: 937 daAuts
     D:6: 900 daAuts
     D:4: 612 daAuts
     D:8: 489 daAuts
   Sewer: 166 daAuts
  Temple: 15 daAuts
